 Dungeon Crawl Stone Soup version 0.27.1-2-g3b301248ec (webtiles) character file.

Game seed: 10890157968513752479

36239 Tinkle the Peltast (level 13, -2/123 HPs)
             Began as a Minotaur Berserker on Sept 28, 2021.
             Was a High Priest of Trog.
             Slain by a catoblepas (9 damage)
             ... while petrified by a catoblepas
             ... on level 4 of the Lair of Beasts.
             The game lasted 01:06:32 (23453 turns).

Tinkle the Peltast (Minotaur Berserker)            Turns: 23453, Time: 01:06:33

Health: -2/123     AC: 16    Str: 32    XL:     13   Next: 51%
Magic:  12/12      EV:  2    Int:  5    God:    Trog [*****.]
Gold:   884        SH:  0    Dex: 10    Spells: 12/12 levels left

rFire    . . .     SeeInvis .   a - +4 hand axe (vamp)
rCold    + . .     Faith    .   n - +1 kite shield
rNeg     + + +     Spirit   .   h - +0 chain mail
rPois    ∞         Reflect  .   (helmet restricted)
rElec    .         Harm     .   B - +0 cloak
rCorr    .         Rampage  .   F - +2 pair of gloves
Will     .....                  (no boots)
Stlth    ..........             (no amulet)
HPRegen  0.30/turn              r - ring of protection from cold
MPRegen  0.13/turn              x - +6 ring of strength

@: petrified, on berserk cooldown, slowed
A: horns 2, retaliatory headbutt
a: Renounce Religion, Berserk, Trog's Hand, Brothers in Arms


You were on level 4 of the Lair of Beasts.
You worshipped Trog.
Trog was extremely pleased with you.
You visited 2 branches of the dungeon, and saw 15 of its levels.

You collected 884 gold pieces.

Inventory:

Hand Weapons
 a - a +4 vampiric hand axe (weapon)
 b - a +1 hand axe of flaming
 m - the +11 long sword of Plog {speed, rPois Dex+4}
   (You found it on level 3 of the Lair of Beasts)

   Attacks with this weapon are significantly faster.
   Dex:       It affects your dexterity (+4).
   rPois:     It protects you from poison.
 o - a +0 war axe of flaming
 H - a +8 vorpal battleaxe
Missiles
 c - 5 curare-tipped darts
 C - 49 poisoned darts (quivered)
 D - a throwing net
 M - 7 atropa-tipped darts
Armour
 h - a +0 chain mail (worn)
 n - a +1 kite shield (worn)
 q - a +1 leather armour of fire resistance
 y - a +0 leather armour of poison resistance
 B - a +0 cloak (worn)
 F - a +2 pair of gloves (worn)
 K - +0 steam dragon scales
Jewellery
 g - a +6 ring of strength
 r - a ring of protection from cold (left hand)
 v - a ring of magical power
 x - a +6 ring of strength (right hand)
 O - a +6 ring of dexterity
 R - a ring of wizardry
 S - a +4 ring of evasion
Wands
 p - a wand of charming (2)
 z - a wand of polymorph (3)
 A - a wand of mindburst (17)
Scrolls
 f - 8 scrolls of teleportation
 j - 2 scrolls of magic mapping
 u - a scroll of immolation
 G - a scroll of summoning
 J - a scroll of blinking
 P - a scroll of identify
Potions
 d - a potion of might {unknown}
 e - 2 potions of cancellation
 i - 3 potions of mutation
 k - a potion of berserk rage
 l - 2 potions of ambrosia
 s - 2 potions of heal wounds
 t - 3 potions of curing
 w - a potion of flight {unknown}
 E - a potion of invisibility {unknown}
 I - 2 potions of haste
 L - 3 potions of degeneration
 N - 3 potions of lignification


   Skills:
 + Level 13.6 Fighting
 + Level 14.1 Axes
 - Level 10.0 Armour
 - Level 5.0 Dodging
 - Level 15.0 Shields
 - Level 5.0 Evocations


You had 12 spell levels left.
You didn't know any spells.
Your spell library was empty.

Dungeon Overview and Level Annotations

Branches:
Dungeon (10/15)            Temple (0/1) D:6            Lair (5/6) D:10
  Swamp (0/4) Lair:2        Snake (0/4) Lair:4
  Slime: Lair:5-6       Orc: D:9-12

Altars:
Cheibriados
Dithmenos
Elyvilon
Hepliaklqana
Kikubaaqudgha
Makhleb
Nemelex Xobeh
Ru
Trog
Uskayaw
Vehumet
Xom
Zin

Annotations:
Lair:2 exclusion: oklob plant


Innate Abilities, Weirdness & Mutations

You have a pair of horns on your head.
You reflexively headbutt those who attack you in melee.


Message History

The catoblepas breathes a plume of calcifying dust at you.
The blast of calcifying dust hits you but does no damage.
You turn to flesh and can move again.
The catoblepas barely misses you.
There is a stone staircase leading up, spattered with blood here.
You block the catoblepas's attack.
You climb upwards.
There is a stone staircase leading down, spattered with blood here.
You hit the catoblepas.
You feel better.
You headbutt the catoblepas, but do no damage.
The catoblepas is almost dead.
The catoblepas breathes a plume of calcifying dust at you.
The blast of calcifying dust hits you!
* * * LOW HITPOINT WARNING * * *
You hit the catoblepas but do no damage.
Your headbutt misses the catoblepas.
The catoblepas is almost dead.
You are engulfed in calcifying dust.
You are slowing down.
The catoblepas gores you!
* * * LOW HITPOINT WARNING * * *
You feel better.
You are engulfed in calcifying dust.
The catoblepas barely misses you.
The catoblepas breathes a plume of calcifying dust at you.
The blast of calcifying dust hits you.
* * * LOW HITPOINT WARNING * * *
You have turned to stone.
You are engulfed in calcifying dust.
The catoblepas gores you!!
* * * LOW HITPOINT WARNING * * *
You are engulfed in calcifying dust.
The catoblepas gores you but does no damage.
The catoblepas gores you!!
* * * LOW HITPOINT WARNING * * *
The catoblepas gores you but does no damage.
The catoblepas gores you.
* * * LOW HITPOINT WARNING * * *
The catoblepas breathes a plume of calcifying dust at you.
The blast of calcifying dust hits you but does no damage.
You are engulfed in calcifying dust.
The catoblepas gores you!!
You die...

....(P...............#
.....((..###.#......##
.........# ####.....#
.#......## ###....#
##P.....## ##....###
#.......P####.#..##
........'..###..#####
........#...#.+†###.#
........#..##.§§@Y.##
#.......##..'......#
#.......#####......#
P.......# #......#
#.P..#P.# #....###
###..#### ##....#
#P.## ##..## ##..#
#..#.# #P.## ##..###


You could see a catoblepas.

Vanquished Creatures
  The ghost of Suk Xiy the Grappler, a journeyman DrTm of Yredelemnul (Lair:2)
  5 hydras
  A boulder beetle (Lair:2)
  A catoblepas (Lair:3)
  Erica (D:8)
  11 death yaks
  Pikel (D:9)
  3 elephants (Lair:2)
  4 black mambas
  Joseph (D:7)
  7 cane toads
  6 komodo dragons
  Psyche (D:9)
  Prince Ribbit (D:7)
  4 polar bears
  12 blink frogs
  6 slime creatures
  Sigmund (D:5)
  28 yaks
  2 steam dragons
  3 nagas (Lair:4)
  10 water moccasins
  Duvessa (D:4)
  2 orc warriors
  A sky beast (D:6)
  3 black bears
  A necrophage (D:6)
  21 wolves
  6 ogres
  A centaur (D:8)
  A kobold brigand (D:5)
  Blork the orc (D:5)
  15 bullfrogs
  5 scorpions
  Dowan (D:4)
  A water moccasin zombie (D:5)
  2 gnoll sergeants
  2 water moccasin skeletons (D:5)
  6 killer bees (D:7)
  A crimson imp (D:3)
  3 bullfrog zombies (D:5)
  3 centaur zombies
  A jelly (D:6)
  2 centaur skeletons
  A bullfrog skeleton (D:5)
  5 orc priests
  4 iguanas
  3 scorpion zombies (D:5)
  Ijyb (D:3)
  16 orc wizards
  Natasha (thrice) (D:3)
  2 hound zombies (D:5)
  A hound skeleton (D:4)
  A mummy (D:6)
  2 howler monkey zombies
  Robin (D:4)
  11 gnolls
  4 adders
  An ufetubus (D:5)
  An adder skeleton (D:4)
  2 worms
  3 dart slugs
  45 orcs
  4 ball pythons
  4 bats
  3 endoplasms
  14 goblins
  10 hobgoblins
  4 jackals
  3 quokkas
  2 frilled lizards (D:2)
  13 kobolds
  5 rats
359 creatures vanquished.

Vanquished Creatures (others)
  22 fungi
  43 plants
  4 withered plants (D:5)
69 creatures vanquished.

Grand Total: 428 creatures vanquished

Notes
Turn   | Place    | Note
-------+----------+-------------------------------------------
     0 | D:1      | Tinkle the Minotaur Berserker began the quest for the Orb.
     0 | D:1      | Reached XP level 1. HP: 19/19 MP: 0/0
     8 | D:1      | Found a faded altar of an unknown god.
   507 | D:1      | Reached XP level 2. HP: 22/27 MP: 1/1
  1358 | D:2      | Reached XP level 3. HP: 30/34 MP: 2/2
  1627 | D:2      | Reached ** piety under Trog
  1974 | D:3      | Noticed a scorpion
  1979 | D:3      | Killed a scorpion
  1980 | D:3      | Reached skill level 5 in Fighting
  1980 | D:3      | Reached skill level 5 in Axes
  1980 | D:3      | Reached XP level 4. HP: 34/42 MP: 3/3
  2109 | D:3      | Noticed Natasha
  2233 | D:3      | Found a glowing silver altar of Zin.
  2244 | D:3      | Killed Natasha
  2328 | D:3      | Reached XP level 5. HP: 45/48 MP: 4/4
  2698 | D:3      | Noticed Natasha
  2704 | D:3      | Killed Natasha
  2742 | D:3      | Noticed Natasha
  2758 | D:3      | Killed Natasha
  2872 | D:3      | Found a bloodstained altar of Trog.
  2929 | D:3      | Reached XP level 6. HP: 42/56 MP: 5/5
  2934 | D:3      | Reached skill level 1 in Shields
  3250 | D:3      | Noticed Ijyb
  3251 | D:3      | Found a sacrificial altar of Ru.
  3286 | D:3      | Killed Ijyb
  3443 | D:3      | Found a shimmering altar of Xom.
  3443 | D:3      | Found a burning altar of Makhleb.
  3452 | D:3      | Reached skill level 2 in Shields
  3504 | D:3      | Found a white marble altar of Elyvilon.
  3507 | D:3      | Found a hazy altar of Hepliaklqana.
  4003 | D:4      | Reached skill level 3 in Shields
  4030 | D:4      | Reached XP level 7. HP: 61/61 MP: 6/6
  4179 | D:4      | Noticed Duvessa
  4184 | D:4      | Noticed Dowan
  4193 | D:4      | Killed Duvessa
  4194 | D:4      | Reached skill level 4 in Shields
  4197 | D:4      | Killed Dowan
  4383 | D:4      | Noticed Robin
  4405 | D:4      | Reached *** piety under Trog
  4597 | D:4      | Killed Robin
  4657 | D:4      | Reached skill level 5 in Shields
  5011 | D:4      | Reached XP level 8. HP: 68/68 MP: 7/7
  5348 | D:4      | Reached skill level 6 in Shields
  5513 | D:5      | Entered Level 5 of the Dungeon
  5664 | D:4      | Reached skill level 10 in Axes
  5770 | D:5      | Reached skill level 7 in Shields
  5918 | D:5      | Found a hide-covered altar of Uskayaw.
  5918 | D:5      | Noticed Sigmund
  5927 | D:5      | Killed Sigmund
  6045 | D:5      | Reached skill level 8 in Shields
  6170 | D:5      | Noticed Blork the orc
  6175 | D:5      | Killed Blork the orc
  6246 | D:5      | Reached XP level 9. HP: 69/74 MP: 8/8
  6328 | D:5      | Identified the +0 leather armour of Noughts and Crosses
                  | {-Cast rPois Dex+9 Stlth+}
  6417 | D:5      | Found a large runed translucent door.
  6417 | D:5      | Found a large runed translucent door.
  6479 | D:5      | Found a radiant altar of Vehumet.
  6484 | D:5      | Found a shadowy altar of Dithmenos.
  6599 | D:6      | Found a staircase to the Ecumenical Temple.
  6614 | D:6      | Reached **** piety under Trog
  6869 | D:6      | Reached skill level 9 in Shields
  7302 | D:6      | Found a snail-covered altar of Cheibriados.
  8278 | D:7      | Noticed Joseph
  8299 | D:7      | Killed Joseph
  8300 | D:7      | Reached skill level 10 in Shields
  8529 | D:7      | Noticed Prince Ribbit
  8542 | D:7      | Killed Prince Ribbit
  8917 | D:8      | Found a sparkling altar of Nemelex Xobeh.
  9252 | D:8      | Found an ancient bone altar of Kikubaaqudgha.
  9559 | D:8      | Reached XP level 10. HP: 74/81 MP: 9/9
  9659 | D:8      | Noticed Erica
  9672 | D:8      | Killed Erica
  9673 | D:8      | Reached skill level 11 in Shields
 10581 | D:9      | Noticed Psyche
 10596 | D:9      | Killed Psyche
 11068 | D:9      | Noticed Pikel
 11319 | D:9      | Killed Pikel
 11320 | D:9      | Reached skill level 12 in Shields
 11469 | D:10     | Entered Level 10 of the Dungeon
 11516 | D:10     | Noticed a death yak
 11516 | D:10     | Noticed a death yak
 11516 | D:10     | Noticed a death yak
 11516 | D:10     | Noticed a death yak
 11546 | D:10     | Killed a death yak
 11548 | D:10     | Noticed a death yak
 11584 | D:10     | Found a staircase to the Lair.
 11723 | D:10     | Noticed a death yak
 11723 | D:10     | Noticed a death yak
 11751 | D:10     | Killed a death yak
 11752 | D:10     | Reached XP level 11. HP: 48/94 MP: 10/10
 11996 | D:9      | Killed a death yak
 12238 | D:9      | Killed a death yak
 12414 | D:9      | Killed a death yak
 12415 | D:9      | Reached skill level 13 in Shields
 12598 | D:9      | Killed a death yak
 12902 | D:10     | Killed a death yak
 12903 | D:10     | Reached skill level 10 in Fighting
 13117 | D:10     | Reached ***** piety under Trog
 13150 | D:10     | Received a gift from Trog
 13293 | D:10     | Reached skill level 14 in Shields
 14273 | Lair:1   | Entered Level 1 of the Lair of Beasts
 14460 | Lair:1   | You fall into a shaft and drop 1 floor!
 14621 | Lair:2   | Reached skill level 15 in Shields
 14810 | Lair:2   | Reached skill level 1 in Evocations
 14847 | Lair:2   | Noticed a six-headed hydra
 14902 | Lair:2   | Killed a two-headed hydra
 14903 | Lair:2   | Reached XP level 12. HP: 106/106 MP: 11/11
 15222 | Lair:2   | Noticed a boulder beetle
 15292 | Lair:2   | Killed a boulder beetle
 15734 | Lair:2   | Found a runed translucent door.
 16206 | Lair:1   | Reached skill level 5 in Armour
 16740 | Lair:1   | Reached skill level 5 in Dodging
 17201 | Lair:2   | Found a staircase to the Swamp.
 17548 | Lair:2   | Noticed Suk Xiy's ghost (journeyman DrTm)
 17657 | Lair:2   | Killed Suk Xiy's ghost
 17658 | Lair:2   | Reached skill level 5 in Evocations
 18108 | Lair:3   | Identified the +11 long sword of Plog {speed, rPois Dex+4}
 18732 | Lair:3   | Noticed a four-headed hydra
 18739 | Lair:3   | Killed a one-headed hydra
 18843 | Lair:3   | Noticed a catoblepas
 18868 | Lair:3   | Killed a catoblepas
 19330 | Lair:3   | Noticed a seven-headed hydra
 19340 | Lair:3   | Killed a three-headed hydra
 19910 | Lair:4   | Noticed a four-headed hydra
 19919 | Lair:4   | Killed a one-headed hydra
 19920 | Lair:4   | Reached XP level 13. HP: 117/117 MP: 12/12
 20823 | Lair:4   | Found a staircase to the Snake Pit.
 22463 | Lair:5   | Reached skill level 10 in Armour
 23451 | Lair:4   | HP: 6/123 [catoblepas (1)]
 23453 | Lair:4   | Slain by a catoblepas

Illustrated notes

Levels and vault maps discovered:
D:1:      dpeg_arrival_short_road, layout_loops_cross,
          shapermc_ecumenical_altar_venn, minivault_25
D:2:      layout_basic
D:3:      minmay_recursive_quarters, layout_basic,
          grunt_temple_overflow_champion_of_chaos,
          mainiacjoe_overflow_surrounded_room,
          mainiacjoe_overflow_concentric_impassable,
          grunt_temple_overflow_diamond, guppyfry_early_lair_pool, uniq_natasha,
          uniq_ijyb, uniq_terence
D:4:      layout_gridville, uniq_duvessa, uniq_robin
D:5:      layout_cave_pools, mainiacjoe_overflow_catwalk, jmf_multi_god_temple2,
          serial_undead, serial_undead_b, serial_undead_e, serial_undead_e,
          serial_undead_e, serial_undead_f, serial_undead_b, serial_undead_f,
          uniq_sigmund, uniq_blork_the_orc
D:6:      layout_loops_ring, chei_slow_surprise, minmay_temple_entry_grid,
          hangedman_decor_peaks_small
D:7:      layout_loops_corners, grunt_decor_resistance, uniq_prince_ribbit1,
          uniq_joseph
D:8:      layout_cave_pods, mainiacjoe_overflow_tiny_flanked, lemuel_tele_altar,
          uniq_erica
D:9:      layout_roguey, uniq_psyche, uniq_pikel
D:10:     layout_stronghold, dpeg_lair_monsters
Lair:1:   layout_layer_cave
Lair:2:   layout_cave_pods, swamp_mist, ebering_ghost_inner_flame,
          minmay_lair_oklob_items
Lair:3:   layout_regular_city, beast_lair_carwin_8, infiniplex_staircase_pool_2,
          lemuel_fruit_fields
Lair:4:   layout_roguey, guppyfry_snake_entry_garden, lemuel_fruit_tree
Lair:5:   layout_gridlike, nicolae_lair_yak_garden, grunt_megastairs_5,
          minmay_lair_oklob_chamber

Skill      XL: |  1  2  3  4  5  6  7  8  9 10 11 12 13 |
---------------+----------------------------------------+-----
Fighting       | 4 5 8 10 11 13 | 13.6
Axes           | 4 5 6 7 8 9 11 12 14 | 14.1
Shields        | 3 5 8 10 12 15 | 15.0
Evocations     | 1 5 |  5.0
Armour         | 3 8 10 | 10.0
Dodging        | 3 5 |  5.0

Action                   |  1- 3 |  4- 6 |  7- 9 | 10-12 | 13-15 || total
-------------------------+-------+-------+-------+-------+-------++-------
Melee: Hand axe          |    67 |   125 |   326 |   706 |   248 ||  1472
       Headbutt          |    16 |    16 |    75 |   205 |    67 ||   379
Throw: Dart              |       |       |    14 |    44 |    19 ||    77
Invok: Trog's Hand       |       |     2 |     2 |     2 |       ||     6
       Berserk           |       |     2 |     5 |     7 |     3 ||    17
Evoke: Wand              |       |       |       |     2 |       ||     2
  Use: Scroll            |       |       |    11 |    12 |     1 ||    24
       Potion            |       |       |       |       |     3 ||     3
 Stab: Sleeping          |     1 |       |       |       |       ||     1
Armor: Animal skin       |     6 |       |       |       |       ||     6
       Scale mail        |     8 |       |       |       |       ||     8
       Chain mail        |    14 |    54 |    85 |   134 |    80 ||   367
Dodge: Dodged            |    22 |    35 |    66 |   108 |    55 ||   286
Block: Kite shield       |       |    18 |   175 |   356 |   148 ||   697
